 Dungeon Crawl Stone Soup version 0.23.2-1-ga50397a6bc (webtiles) character file.

Game seed: 5051800691744637771

385 Jaijje the Skirmisher (level 6, 0/56 HPs)
             Began as a Draconian Conjurer on May 18, 2019.
             Slain by an orc
             ... wielding a +0 flail
              (7 damage)
             ... on level 3 of the Dungeon.
             The game lasted 00:12:23 (3209 turns).

Jaijje the Skirmisher (Draconian Conjurer)          Turns: 3209, Time: 00:12:24

Health: 0/56       AC:  8    Str: 11    XL:     6   Next: 48%
Magic:  8/9        EV: 12    Int: 20    God:
Gold:   245        SH:  0    Dex: 11    Spells: 8/9 levels left

rFire    . . .     SeeInvis .   p - +0 long sword
rCold    . . .     Gourm    .   (no shield)
rNeg     . . .     Faith    .   (armour unavailable)
rPois    .         Spirit   .   (helmet restricted)
rElec    .         Reflect  .   g - +1 cloak
rCorr    .         Harm     .   (no gloves)
MR       .....                  (no boots)
Stlth    ++........             (no amulet)
HPRegen  0.18/turn              j - +3 ring of intelligence
MPRegen  0.11/turn              (no ring)

@: lethally poisoned (0 -> -2), lightly drained
A: unfitting armour, cold-blooded, AC +6
a: no special abilities


You were on level 3 of the Dungeon.
You were hungry.

You visited 1 branch of the dungeon, and saw 4 of its levels.

You collected 245 gold pieces.

Inventory:

Hand Weapons
 k - a +0 short sword
 p - a +0 long sword (weapon)
Armour
 g - a +1 cloak (worn)
Jewellery
 j - a +3 ring of intelligence (left hand)
Wands
 m - a wand of iceblast (6)
Scrolls
 a - 5 scrolls of remove curse
 c - a scroll of magic mapping
 f - 3 scrolls of identify
 o - a scroll of blinking
 q - a scroll of enchant weapon {unknown}
Potions
 d - a potion of heal wounds
 e - 2 potions of haste
 h - a potion of curing
 i - a potion of mutation {unknown}
 l - a potion of brilliance {unknown}
Comestibles
 b - 3 rations


   Skills:
 + Level 5.3(4.9) Fighting
 - Level 2.9 Short Blades
 * Level 2.5(2.7) Long Blades
 - Level 1.7(1.3) Dodging
 - Level 1.7(1.3) Stealth
 - Level 2.0(1.5) Spellcasting
 - Level 4.1(3.6) Conjurations


You had 8 spell levels left.
You knew the following spells:

 Your Spells              Type           Power        Failure   Level  Hunger
a - Magic Dart            Conj           ###.         3%          1    #......

Your spell library contained the following spells:

 Spells                   Type           Power        Failure   Level  Hunger
 Searing Ray              Conj           ###...       5%          2    ###....
 Dazzling Spray           Conj/Hex       #.....       24%         3    ###....
 Iskenderun's Mystic Bla  Conj           ###.....     36%         4    #####..
 Force Lance              Conj/Tloc      #.......     61%         4    #####..
 Fulminant Prism          Conj/Hex       #.........   61%         4    #####..


Dungeon Overview and Level Annotations

Branches:
Dungeon (4/15)
 Temple: D:4-7

Altars:


Innate Abilities, Weirdness & Mutations

Your plain brown scales are hard. (AC +6)
You cannot fit into any form of body armour.
You are cold-blooded and may be slowed by cold attacks.


Message History

The adder closely misses you.
The orc priest begins to cast a cantrip, but forgets the words!
There is a stone staircase leading up here.
The adder bites you.
You are poisoned.
The adder poisons you! The adder bites you.
You climb upwards.
You feel sick.
There is a stone staircase leading down here.
You see here a +1 short sword of draining.
You slash the adder!
You kill the adder!
You feel sick. The orc hits you with a +0 flail!
* * * LOW HITPOINT WARNING * * *
You closely miss the orc. The orc barely misses you.
You hit the orc.
The orc is almost dead.
The orc hits you with a +0 flail.
* * * LOW HITPOINT WARNING * * *
The orc hits you with a +0 flail!
You die...

#.##.##.....# #.##
#...........# #.##
####.##.....# #.##
##.####.### #.##
####.........# #...
#......###.#.# ####
#.##...###.#.######
######o####.............
##### #.....[@#
#.#..##.######
#...######.####[.###..).##.#
#[
#.#........####.......)....#
#.
#...#####.....##.###.....#.#
#. ...## ##.......#
#>......# #. #### #.......#
#####.### #. # #.##....#
#...# #. # #.##....# #...#
#. #.###...# #...# ##


You could see an orc.

Vanquished Creatures
  An ogre (D:3)
  A bullfrog (D:4)
  2 orc wizards (D:3)
  Terence (D:2)
  7 adders
  An ooze (D:3)
  3 dart slugs (D:1)
  5 leopard geckos
  6 orcs
  4 giant cockroaches
  9 goblins
  6 hobgoblins
  4 kobolds
  A quokka (D:2)
  9 bats
  4 frilled lizards
  6 rats
70 creatures vanquished.

Notes
Turn   | Place    | Note
-------+----------+-------------------------------------------
     0 | D:1      | Jaijje the Draconian Conjurer began the quest for the Orb.
     0 | D:1      | Reached XP level 1. HP: 14/14 MP: 3/3
    62 | D:1      | Reached skill level 1 in Fighting
   264 | D:1      | Reached XP level 2. HP: 21/24 MP: 0/5
   329 | D:1      | Reached skill level 2 in Fighting
   993 | D:2      | Reached XP level 3. HP: 30/30 MP: 3/6
  1155 | D:3      | Reached skill level 3 in Fighting
  1466 | D:2      | Noticed Terence
  1548 | D:2      | Killed Terence
  1548 | D:2      | Reached skill level 4 in Fighting
  1548 | D:2      | Reached XP level 4. HP: 11/40 MP: 0/7
  2084 | D:3      | Reached skill level 1 in Short Blades
  2364 | D:3      | Reached XP level 5. HP: 47/47 MP: 5/8
  2433 | D:3      | Noticed an ogre
  2445 | D:3      | Killed an ogre
  2752 | D:4      | Reached skill level 5 in Fighting
  2752 | D:4      | Reached skill level 1 in Long Blades
  2752 | D:4      | Reached XP level 6. HP: 51/56 MP: 5/9
  3209 | D:3      | Slain by an orc

Skill      XL: |  1  2  3  4  5  6 |
---------------+-------------------+-----
Fighting       | 1 2 4 5 |  5.3
Short Blades   | 1 2 |  2.9
Long Blades    | 1 2 |  2.5
Dodging        | |  1.7
Stealth        | |  1.7
Spellcasting   | |  2.0
Conjurations   | |  4.1

Action                   |  1- 3 |  4- 6 || total
-------------------------+-------+-------++-------
Melee: Unarmed           |    75 |       ||    75
       Tailslap          |     3 |     3 ||     6
       Short sword       |       |    47 ||    47
       Long sword        |       |    37 ||    37
 Cast: Magic Dart        |    70 |    71 ||   141
  Use: Scroll            |     2 |     3 ||     5
       Potion            |       |     1 ||     1
 Stab: Sleeping          |     1 |       ||     1
  Eat: Chunk             |     2 |     7 ||     9
Armor: Skin              |    22 |    43 ||    65
Dodge: Dodged            |    65 |    71 ||   136
       Rpst.: Long sword |       |     9 ||     9
